 Dungeon Crawl Stone Soup version 0.30-a0-377-g5cb311bc9f (webtiles) character file.

Game seed: 9734986834318714501

29 SmokeWeed the Sneak (level 3, 0/29 HPs)
             Began as a Merfolk Delver on Nov 28, 2022.
             Succumbed to an adder's poison
             ... on level 4 of the Dungeon.
             The game lasted 00:02:00 (223 turns).

SmokeWeed the Sneak (Merfolk Delver)                 Turns: 223, Time: 00:02:01

Health: 0/29       AC:  3    Str: 12    XL:     3   Next: 16%
Magic:  3/3        EV: 12    Int: 11    God:
Gold:   782        SH:  0    Dex: 15    Spells: 2/2 levels left

rFire   . . .      SeeInvis .    a - +0 falchion
rCold   . . .      Faith    .    (no shield)
rNeg    . . .      Spirit   .    b - +0 leather armour
rPois   .          Reflect  .    (no helmet)
rElec   .          Harm     .    (no cloak)
rCorr   .          Rampage  .    (no gloves)
Will    .....                    (no boots)
Stlth   +++.......               (no amulet)
HPRegen 0.24/turn                (no ring)
MPRegen 0.08/turn                (no ring)

@: lethally poisoned (0 -> -6)
A: (nimble swimmer 2), mertail
a: no special abilities


You were on level 4 of the Dungeon.
You visited 1 branch of the dungeon, and saw 2 of its levels.

You collected 782 gold pieces.

Inventory:

Hand Weapons
 a - a +0 falchion (weapon)
Armour
 b - a +0 leather armour (worn)
Wands
 g - a wand of digging (3)
Scrolls
 c - a scroll of fog
 d - a scroll of magic mapping
 e - 2 scrolls of fear
 i - a scroll of blinking {unknown}
Potions
 f - a potion of haste
 h - 3 potions of might {unknown}


   Skills:
 + Level 3.5 Fighting
 + Level 2.6 Long Blades
 + Level 2.8 Dodging
 + Level 6.2 Stealth


You had 2 spell levels left.
You didn't know any spells.
Your spell library was empty.

Dungeon Overview and Level Annotations

Branches:
Dungeon (5/15)
 Temple: D:4-7

Altars:
Fedhas


Innate Abilities, Weirdness & Mutations

((You are very nimble when in or above water. (Stealth+, EV+, Speed+++)))
Your lower body shifts to a powerful aquatic tail in water.


Message History

The adder hisses angrily.
A hound comes into view.
Something bites the fungus.
The fungus begins to die.
A jelly and an adder come into view.
The adder hisses angrily.
A scorpion comes into view.
The scorpion stings you but does no damage.
You barely miss the scorpion. The scorpion stings you.
You are poisoned.
The scorpion poisons you! The scorpion stings you. The adder bites you.
You hit the scorpion but do no damage.
You feel very sick. The adder completely misses you.
The scorpion barely misses you.
You closely miss the scorpion.
You feel sick. The adder closely misses you. The scorpion barely misses you.
The adder barely misses you. The scorpion closely misses you.
You barely miss the scorpion.
You feel sick. The adder misses you. The scorpion stings you.
You hit the scorpion.
The scorpion is moderately wounded.
You feel sick. The adder bites you but does no damage.
The scorpion closely misses you. The adder closely misses you.
You barely miss the scorpion.
The scorpion is lightly wounded.
You feel sick. The scorpion closely misses you. The adder bites you.
* * * LOW HITPOINT WARNING * * *
A quokka comes into view.
The scorpion misses you.
You closely miss the scorpion.
The scorpion is lightly wounded.
You feel sick. The adder closely misses you. The scorpion stings you.
* * * LOW HITPOINT WARNING * * *
The adder bites you.
* * * LOW HITPOINT WARNING * * *
You are more poisoned.
The adder poisons you!
The jelly quivers.
You hit the adder.
The adder is heavily wounded.
You die...

## ######## ...
##########....... ..
......s@SSr..######.#
##########..J##.)>.<#
###...##.....##
#...S............
#.#...##.[......P
#.#...##......_.P #
#..J##.##.....P
#...##.#


..PPPP #......# ^...h. You could see a scorpion, a jelly, 2 adders and a quokka.

Vanquished Creatures
  A hound (D:5)
  A goblin (D:4)
2 creatures vanquished.

Vanquished Creatures (others)
  3 fungi (D:4)
3 creatures vanquished.

Grand Total: 5 creatures vanquished

Notes
Turn   | Place    | Note
-------+----------+-------------------------------------------
     0 | D:5      | SmokeWeed the Merfolk Delver began the quest for the Orb.
     0 | D:5      | Reached XP level 1. HP: 18/18 MP: 1/1
    51 | D:5      | Identified a scroll of acquirement
    51 | D:5      | Acquired 754 gold pieces
    83 | D:5      | Noticed an orc wizard
    85 | D:5      | Noticed an orc wizard
    90 | D:5      | Noticed a hound
   110 | D:5      | Killed a hound
   111 | D:5      | Reached skill level 6 in Stealth
   111 | D:5      | Reached XP level 2. HP: 17/24 MP: 2/2
   111 | D:5      | Reached XP level 3. HP: 20/29 MP: 3/3
   202 | D:4      | Found a blossoming altar of Fedhas.
   212 | D:4      | Noticed a scorpion
   223 | D:4      | Succumbed to an adder's poison

Illustrated notes

Levels and vault maps discovered:
D:4:      layout_loops_ring, mainiacjoe_overflow_chevrons
D:5:      layout_layer_cave, mainiacjoe_overflow_brackets,
          minmay_temple_entry_stoned_glass, kennysheep_generic_room_6

Skill      XL: |  1 |
---------------+----+-----
Stealth        | 6 |  6.2
Fighting       | |  3.5
Long Blades    | |  2.6
Dodging        | |  2.8

Action                   || total
-------------------------++-------
Melee: Falchion          ||    16
  Use: Scroll            ||     2
 Stab: Sleeping          ||     1
Armor: Leather armour    ||     4
Dodge: Dodged            ||    15

Table legend: (Time is in decaauts)
 A = Elapsed time spent in this place.
 B = Non-inter-level travel time spent in this place.
 C = Inter-level travel time spent in this place.
 D = Time resting spent in this place.
 E = Time spent auto-exploring this place.
 F = Levels seen in this place.
 G = Mean time per level.
                   A        B        C        D        E       F      G
               +--------+--------+--------+--------+--------+-----+--------+
         Total |    225 |    225 |      0 |      0 |    146 |   2 |  112.5 |
       Dungeon |    225 |    225 |      0 |      0 |    146 |   2 |  112.5 |
               +--------+--------+--------+--------+--------+-----+--------+

Top non-repeatable levels by time:
     D:5: 203 daAuts
     D:4: 22 daAuts
